General information
- name: BNet
- type: Ladder team game (AT/RT)
- host: Battle.net
- saver: FriendlyGame4v4
map: GoldRush
- players: 8
- length: 41:48
- speed: Fast
- version: 1.26 W3XP
- replay type: Public
» download(239 KB)
Players
team 1 (loser)

»
n3w_n4me (
orange | 73 APM | 1691 actions | 23:02)
6 Demon Hunter
3 Evasion
2 Mana Burn
1 Metamorphosis
5 Priestess of the Moon
2 Searing Arrows
3 Trueshot Aura
» actions
| Assign group hotkey | 34 | |
| Basic commands | 241 | |
| Build / train | 93 | |
| ESC pressed | 1 | |
| Enter build submenu | 23 | |
| Enter hero's abilities submenu | 11 | |
| Give item / drop item | 4 | |
| Right click | 281 | |
| Select / deselect | 348 | |
| Select group hotkey | 596 | |
| Use ability | 59 | |
1691 total
» units
| Wisp | 23 | |
| Archer | 5 | |
| Chimaera | 9 | |
| Hippogryph | 21 | |
58 total
» upgrades
| Ultravision | 1 | |
| Well Spring | 1 | |
| Strength of the Wild | 3 | |
| Reinforced Hides | 2 | |
| Corrosive Breath | 1 | |
8 total
» buildings
| Altar of Elders | 1 | |
| Moon Well | 6 | |
| Ancient of War | 1 | |
| Tree of Ages | 1 | |
| Tree of Life | 4 | |
| Hunter's Hall | 1 | |
| Ancient of Wonders | 1 | |
| Tree of Eternity | 1 | |
| Ancient of Wind | 2 | |
| Chimaera Roost | 3 | |
21 total
» build order
00:18 Altar of Elders
00:26 Moon Well
00:39 Moon Well
01:20 Ancient of War
03:04 Tree of Ages
03:20 Tree of Life
03:38 Moon Well
04:20 Hunter's Hall
05:57 Ancient of Wonders
06:23 Tree of Eternity
07:14 Ancient of Wind
07:54 Moon Well
08:44 Chimaera Roost
08:45 Chimaera Roost
08:49 Chimaera Roost
09:56 Moon Well
10:20 Moon Well
13:39 Tree of Life
18:26 Tree of Life
18:29 Tree of Life
20:27 Ancient of Wind
» items
| Boots of Speed | 2 | |
| Orb of Venom | 2 | |
| Lesser Clarity Potion | 1 | |
| Dust of Appearance | 1 | |
| Scroll of Town Portal | 2 | |
| Scroll of Healing | 1 | |
| Scroll of Protection | 1 | |
10 total
PEYTON-TO-DENVR (
teal | 61 APM | 2548 actions | 41:48)
7 Far Seer
3 Feral Spirit
2 Chain Lighting
1 Earth Quake
1 Far Sight
1 Death Knight
1 Unholy Aura
1 Warden
1 Blink
» actions
| Assign group hotkey | 45 | |
| Basic commands | 79 | |
| Build / train | 110 | |
| Enter build submenu | 25 | |
| Enter hero's abilities submenu | 10 | |
| Give item / drop item | 8 | |
| Remove unit from queue | 6 | |
| Right click | 982 | |
| Select / deselect | 359 | |
| Select group hotkey | 783 | |
| Use ability | 141 | |
2548 total
» units
| Peon | 37 | |
| Grunt | 3 | |
| Wind Rider | 8 | |
| Frost Wyrm | 5 | |
| Druid of the Talon | 2 | |
| Archer | 2 | |
| Chimaera | 5 | |
| Kodo Beast | 2 | |
64 total
» upgrades
| Ranged Weapons | 3 | |
| Armor | 3 | |
| Reinforced Defenses | 1 | |
| Envenomed Spears | 1 | |
| Liquid Fire | 1 | |
| War Drums Damage Increase | 1 | |
10 total
» buildings
| Altar of Storms | 1 | |
| Orc Burrow | 6 | |
| Barracks | 1 | |
| Voodoo Lounge | 1 | |
| Great Hall | 7 | |
| Stronghold | 1 | |
| War Mill | 1 | |
| Beastiary | 5 | |
| Fortress | 1 | |
| Watch Tower | 15 | |
39 total
» build order
00:09 Altar of Storms
00:17 Orc Burrow
00:37 Barracks
01:28 Orc Burrow
02:06 Voodoo Lounge
03:50 Great Hall
03:55 Orc Burrow
04:31 Stronghold
04:59 Great Hall
05:39 War Mill
06:27 Great Hall
06:59 Beastiary
07:25 Beastiary
07:46 Fortress
08:25 Orc Burrow
08:26 Orc Burrow
09:55 Watch Tower
09:56 Watch Tower
09:57 Watch Tower
09:58 Watch Tower
09:59 Watch Tower
10:00 Watch Tower
10:01 Watch Tower
10:02 Watch Tower
10:03 Watch Tower
10:04 Watch Tower
11:37 Beastiary
13:20 Beastiary
14:12 Watch Tower
14:12 Watch Tower
14:13 Watch Tower
14:14 Watch Tower
14:14 Watch Tower
15:01 Beastiary
16:00 Great Hall
16:07 Great Hall
18:46 Orc Burrow
28:20 Great Hall
28:22 Great Hall
» items
| Healing Salve | 4 | |
| Orb of Lightning | 1 | |
| Staff of Teleportation | 1 | |
| Potion of Lesser Invulnerability | 3 | |
| Scroll of Town Portal | 3 | |
| Dust of Appearance | 1 | |
| Scroll of Healing | 1 | |
| Potion of Healing | 2 | |
| Potion of Mana | 1 | |
17 total

»
Ranl)om (
purple | 43 APM | 1074 actions | 25:01)
1 Death Knight
1 Death Coil
4 Dark Ranger
2 Black Arrow
2 Life Drain
2 Dreadlord
1 Sleep
1 Vampiric Aura
» actions
| Assign group hotkey | 38 | |
| Basic commands | 6 | |
| Build / train | 75 | |
| ESC pressed | 3 | |
| Enter build submenu | 16 | |
| Enter hero's abilities submenu | 7 | |
| Give item / drop item | 1 | |
| Remove unit from queue | 3 | |
| Right click | 477 | |
| Select / deselect | 276 | |
| Select group hotkey | 139 | |
| Use ability | 33 | |
1074 total
» units
| Acolyte | 24 | |
| Ghoul | 4 | |
| Crypt Fiend | 13 | |
| Forest Troll Shadow Priest | 4 | |
| Frost Wyrm | 1 | |
46 total
» upgrades
| Creature Attack | 3 | |
| Creature Carapace | 2 | |
| Web | 1 | |
| Freezing Breath | 1 | |
7 total
» buildings
| Ziggurat | 5 | |
| Altar of Darkness | 1 | |
| Crypt | 1 | |
| Graveyard | 1 | |
| Tomb of Relics | 1 | |
| Halls of the Dead | 1 | |
| Nerubian Tower | 1 | |
| Spirit Tower | 1 | |
| Sacrificial Pit | 1 | |
| Black Citadel | 1 | |
| Boneyard | 1 | |
15 total
» build order
00:20 Ziggurat
00:24 Altar of Darkness
00:26 Crypt
01:08 Graveyard
01:23 Ziggurat
01:59 Tomb of Relics
02:40 Ziggurat
04:16 Halls of the Dead
06:00 Ziggurat
07:00 Nerubian Tower
07:50 Spirit Tower
13:05 Sacrificial Pit
13:58 Black Citadel
17:04 Boneyard
21:15 Ziggurat
» items
| Lesser Clarity Potion | 2 | |
| Healing Salve | 1 | |
| Potion of Healing | 1 | |
| Dust of Appearance | 1 | |
5 total
darksamister (
blue | 22 APM | 568 actions | 25:16)
4 Warden
2 Fan of Knives
2 Blink
» actions
| Build / train | 62 | |
| Enter build submenu | 23 | |
| Enter hero's abilities submenu | 4 | |
| Give item / drop item | 1 | |
| Right click | 211 | |
| Select / deselect | 201 | |
| Use ability | 66 | |
568 total
» units
| Wisp | 24 | |
| Hippogryph | 7 | |
| Druid of the Talon | 4 | |
| Chimaera | 4 | |
| Dryad | 1 | |
40 total
» upgrades
| Ultravision | 1 | |
| Strength of the Wild | 3 | |
| Reinforced Hides | 1 | |
| Well Spring | 1 | |
| Corrosive Breath | 1 | |
| Druid of the Talon Training | 1 | |
8 total
» buildings
| Altar of Elders | 1 | |
| Moon Well | 6 | |
| Hunter's Hall | 1 | |
| Ancient of Wonders | 1 | |
| Ancient Protector | 4 | |
| Tree of Ages | 1 | |
| Ancient of Wind | 1 | |
| Tree of Eternity | 1 | |
| Tree of Life | 3 | |
| Chimaera Roost | 2 | |
| Ancient of Lore | 2 | |
23 total
» build order
00:09 Altar of Elders
00:17 Moon Well
00:36 Moon Well
01:42 Hunter's Hall
01:54 Ancient of Wonders
02:53 Ancient Protector
03:14 Tree of Ages
03:22 Moon Well
03:39 Ancient Protector
03:52 Ancient Protector
04:58 Moon Well
05:08 Ancient Protector
05:44 Ancient of Wind
06:41 Moon Well
07:01 Tree of Eternity
07:22 Tree of Life
09:18 Moon Well
10:45 Chimaera Roost
12:14 Chimaera Roost
14:12 Tree of Life
23:05 Ancient of Lore
24:05 Tree of Life
24:18 Ancient of Lore
» items
| Lesser Clarity Potion | 3 | |
| Potion of Healing | 1 | |
| Potion of Mana | 1 | |
| Orb of Venom | 1 | |
| Potion of Lesser Invulnerability | 1 | |
7 total
team 2 (winner)
TreesHaveEyes (
yellow | 77 APM | 3199 actions | 41:48)
10 Keeper of the Grove
3 Force of Nature
3 Thorns Aura
3 Entangling Roots
1 Tranquility
» actions
| Assign group hotkey | 291 | |
| Basic commands | 170 | |
| Build / train | 142 | |
| Enter build submenu | 58 | |
| Enter hero's abilities submenu | 10 | |
| Give item / drop item | 3 | |
| Right click | 1582 | |
| Select / deselect | 512 | |
| Select group hotkey | 180 | |
| Use ability | 251 | |
3199 total
» units
| Wisp | 90 | |
| Hippogryph | 6 | |
| Faerie Dragon | 11 | |
107 total
» upgrades
| Nature's Blessing | 1 | |
| Ultravision | 1 | |
| Strength of the Wild | 3 | |
| Reinforced Hides | 3 | |
| Well Spring | 1 | |
9 total
» buildings
| Moon Well | 13 | |
| Altar of Elders | 1 | |
| Hunter's Hall | 2 | |
| Tree of Life | 2 | |
| Tree of Ages | 1 | |
| Ancient Protector | 35 | |
| Ancient of Wonders | 1 | |
| Tree of Eternity | 1 | |
| Ancient of Wind | 5 | |
61 total
» build order
00:31 Moon Well
01:07 Altar of Elders
01:12 Moon Well
01:38 Hunter's Hall
02:08 Moon Well
03:49 Tree of Life
04:05 Tree of Ages
04:07 Ancient Protector
04:11 Ancient Protector
04:43 Ancient Protector
06:10 Tree of Life
06:17 Ancient Protector
06:19 Ancient Protector
06:20 Ancient Protector
06:21 Ancient Protector
06:47 Ancient of Wonders
09:18 Ancient Protector
09:19 Ancient Protector
09:20 Ancient Protector
09:20 Ancient Protector
09:21 Ancient Protector
09:22 Ancient Protector
10:10 Ancient Protector
10:10 Ancient Protector
10:10 Ancient Protector
10:12 Ancient Protector
10:12 Ancient Protector
10:13 Ancient Protector
11:32 Tree of Eternity
12:11 Ancient Protector
12:11 Ancient Protector
12:12 Ancient Protector
12:12 Ancient Protector
12:13 Ancient Protector
12:13 Ancient Protector
12:15 Ancient Protector
12:15 Ancient Protector
12:18 Ancient Protector
13:34 Ancient Protector
13:35 Ancient Protector
13:36 Ancient Protector
13:36 Ancient Protector
13:36 Ancient Protector
14:59 Ancient of Wind
15:00 Ancient of Wind
15:00 Ancient of Wind
15:01 Ancient of Wind
16:45 Moon Well
16:46 Moon Well
17:07 Hunter's Hall
18:21 Moon Well
18:22 Moon Well
20:06 Moon Well
20:07 Moon Well
20:08 Moon Well
20:08 Moon Well
20:09 Moon Well
20:09 Moon Well
» items
| Boots of Speed | 1 | |
| Potion of Mana | 1 | |
| Lesser Clarity Potion | 1 | |
| Staff of Teleportation | 1 | |
| Tome of Retraining | 1 | |
| Periapt of Vitality | 1 | |
| Scroll of Town Portal | 1 | |
7 total
FriendlyGame4v4 (
green | 78 APM | 3270 actions | 41:48)
11 Blademaster
3 Wind Walk
3 Critical Strike
2 Bladestorm
3 Mirror Image
1 Mountain King
1 Storm Bolt
» actions
| Assign group hotkey | 23 | |
| Basic commands | 186 | |
| Build / train | 102 | |
| Enter build submenu | 41 | |
| Enter hero's abilities submenu | 12 | |
| Give item / drop item | 15 | |
| Remove unit from queue | 2 | |
| Right click | 1448 | |
| Select / deselect | 515 | |
| Select group hotkey | 825 | |
| Use ability | 101 | |
3270 total
» units
| Peon | 21 | |
| Grunt | 11 | |
| Wind Rider | 8 | |
| Troll Batrider | 6 | |
46 total
» upgrades
| Pillage | 1 | |
| Berserker Strength | 1 | |
| Ranged Weapons | 3 | |
| Armor | 3 | |
| Reinforced Defenses | 1 | |
| Envenomed Spears | 1 | |
| Backpack | 1 | |
| Liquid Fire | 1 | |
| Spiked Barricades | 3 | |
| Troll Regeneration | 1 | |
| Melee Weapons | 3 | |
| Ensnare | 1 | |
| War Drums Damage Increase | 1 | |
| Berserker Upgrade | 1 | |
22 total
» buildings
| Altar of Storms | 1 | |
| Orc Burrow | 8 | |
| Barracks | 1 | |
| Voodoo Lounge | 2 | |
| Stronghold | 1 | |
| War Mill | 1 | |
| Great Hall | 2 | |
| Watch Tower | 13 | |
| Beastiary | 4 | |
| Fortress | 1 | |
34 total
» build order
00:03 Altar of Storms
00:07 Orc Burrow
00:45 Barracks
01:25 Orc Burrow
02:10 Voodoo Lounge
02:58 Orc Burrow
04:12 Stronghold
05:22 War Mill
06:16 Great Hall
06:52 Watch Tower
07:23 Beastiary
07:26 Beastiary
07:29 Orc Burrow
07:48 Fortress
08:06 Watch Tower
08:45 Watch Tower
10:06 Watch Tower
10:13 Watch Tower
10:29 Watch Tower
12:29 Great Hall
13:28 Watch Tower
13:29 Watch Tower
14:24 Watch Tower
14:34 Watch Tower
14:36 Watch Tower
16:33 Beastiary
16:50 Watch Tower
18:01 Orc Burrow
19:00 Beastiary
19:05 Orc Burrow
19:13 Watch Tower
19:22 Voodoo Lounge
21:30 Orc Burrow
23:13 Orc Burrow
» items
| Boots of Speed | 1 | |
| Staff of Teleportation | 1 | |
| Lesser Clarity Potion | 3 | |
| Healing Salve | 3 | |
| Orb of Lightning | 2 | |
10 total

»
arkano314 (
red | 31 APM | 1288 actions | 41:48)
5 Far Seer
2 Feral Spirit
3 Chain Lighting
2 Shadow Hunter
1 Hex
1 Healing Wave
1 Mountain King
1 Thunder Clap
» actions
| Basic commands | 15 | |
| Build / train | 88 | |
| Enter build submenu | 40 | |
| Enter hero's abilities submenu | 8 | |
| Give item / drop item | 3 | |
| Remove unit from queue | 2 | |
| Right click | 664 | |
| Select / deselect | 368 | |
| Use ability | 100 | |
1288 total
» units
| Peon | 21 | |
| Tauren | 6 | |
| Troll Witch Doctor | 6 | |
| Shaman | 5 | |
| Peasant | 4 | |
| Troll Batrider | 9 | |
51 total
» upgrades
| Melee Weapons | 2 | |
| Armor | 2 | |
| Shaman Training | 2 | |
| Witch Doctor Training | 2 | |
| Pulverize | 1 | |
9 total
» buildings
| Altar of Storms | 2 | |
| Orc Burrow | 13 | |
| Voodoo Lounge | 2 | |
| War Mill | 2 | |
| Great Hall | 2 | |
| Stronghold | 2 | |
| Fortress | 1 | |
| Spirit Lodge | 2 | |
| Tauren Totem | 2 | |
| Beastiary | 2 | |
| Farm | 7 | |
| Keep | 1 | |
| Lumber Mill | 1 | |
| Altar of Kings | 1 | |
40 total
» build order
00:10 Altar of Storms
00:19 Orc Burrow
00:29 Voodoo Lounge
02:31 War Mill
03:15 Great Hall
03:44 Stronghold
04:26 Orc Burrow
05:09 Orc Burrow
06:11 Fortress
06:20 Spirit Lodge
06:27 Spirit Lodge
07:02 Orc Burrow
08:25 Orc Burrow
09:32 Tauren Totem
09:35 Tauren Totem
14:28 Orc Burrow
14:31 Orc Burrow
14:51 Beastiary
15:14 Beastiary
16:44 Voodoo Lounge
17:27 Orc Burrow
17:30 Orc Burrow
17:50 Farm
17:57 Farm
18:35 Orc Burrow
18:46 Farm
18:49 Farm
18:55 Farm
19:08 Orc Burrow
19:11 Orc Burrow
20:10 Orc Burrow
20:20 Altar of Storms
24:22 War Mill
24:25 Stronghold
24:35 Keep
24:58 Lumber Mill
25:01 Altar of Kings
28:03 Great Hall
29:05 Farm
30:01 Farm
» items
| Healing Salve | 2 | |
| Lesser Clarity Potion | 4 | |
| Scroll of Speed | 1 | |
| Potion of Mana | 3 | |
| Scroll of Town Portal | 1 | |
11 total
CosmoCSpacely (
pink | 27 APM | 447 actions | 16:42)
3 Mountain King
2 Storm Bolt
1 Thunder Clap
» actions
| Build / train | 37 | |
| Enter build submenu | 14 | |
| Enter hero's abilities submenu | 3 | |
| Right click | 238 | |
| Select / deselect | 125 | |
| Use ability | 30 | |
447 total
» units
| Peasant | 8 | |
| Footman | 4 | |
| Rifleman | 5 | |
| Forest Troll Shadow Priest | 2 | |
| Forest Troll Berserker | 2 | |
| Mud Golem | 2 | |
| Ogre Mauler | 2 | |
25 total
» upgrades
| Gunpowder | 1 | |
| Armor | 1 | |
| Long Rifles | 1 | |
3 total
» buildings
| Barracks | 1 | |
| Altar of Kings | 1 | |
| Farm | 7 | |
| Lumber Mill | 1 | |
| Blacksmith | 1 | |
| Town Hall | 1 | |
| Keep | 1 | |
| Castle | 1 | |
14 total
» build order
00:09 Barracks
00:13 Altar of Kings
00:36 Farm
01:20 Farm
01:28 Lumber Mill
02:04 Farm
02:43 Blacksmith
04:53 Town Hall
09:08 Keep
10:09 Farm
10:14 Farm
11:34 Farm
11:39 Castle
12:15 Farm
» items
| Scroll of Healing | 1 | |
| Potion of Lesser Invulnerability | 1 | |
| Periapt of Vitality | 1 | |
3 total
Chat log
(00:16 / All) TreesHaveEyes: Chargers are gon' get raped son
(00:31 / All) PEYTON-TO-DENVR: i think its the criminal ravens year next year
(00:49 / All) TreesHaveEyes: Patriots or Texans or Broncos
(00:53 / All) TreesHaveEyes: or Chiefs
(00:57 / All) PEYTON-TO-DENVR: yes
(01:00 / All) TreesHaveEyes: or Vikings
(01:06 / All) PEYTON-TO-DENVR: hell no not vikings
(01:17 / All) Ranl)om: eww with who Ponder HA
(01:21 / Allies) arkano314: plan
(01:51 / Allies) arkano314: mele
(01:57 / Allies) FriendlyGame4v4: I'll get air
(03:25 / Allies) FriendlyGame4v4: I'll expo here
(03:58 / Allies) TreesHaveEyes: lame sir but whatever
(04:07 / Allies) FriendlyGame4v4: well, red took the expo near me
(04:10 / Allies) FriendlyGame4v4: guess I'll 1 base
(04:21 / Allies) TreesHaveEyes: took exp from me
(04:29 / Allies) FriendlyGame4v4: red and you took expos from me
(04:29 / Allies) TreesHaveEyes: I'm hero only this game
(04:39 / Allies) CosmoCSpacely: i need 100 g9ld
(04:43 / Allies) CosmoCSpacely: i fucked up
(04:44 / Allies) FriendlyGame4v4: then mine it faggot
(04:45 / Allies) FriendlyGame4v4: stfu
(05:16 / Allies) CosmoCSpacely: thx red
(11:03 / Allies) arkano314: blue make air
(11:22 / All) TreesHaveEyes: goddamn it
(11:33 / Allies) arkano314: bvlue
(11:35 / Allies) arkano314: posible
(11:36 / Allies) arkano314: make
(11:38 / Allies) arkano314: chims
(11:39 / Allies) arkano314: and
(11:40 / Allies) arkano314: hipp
(13:20 / All) n3w_n4me: later nub
(13:26 / All) TreesHaveEyes: latency
(13:34 / All) n3w_n4me: nubency
(13:35 / All) n3w_n4me: more like
(13:53 / Allies) arkano314: coming
(13:59 / All) TreesHaveEyes: 5-8
(14:00 / Allies) arkano314: bneed help
(14:02 / All) TreesHaveEyes: massing chims
(14:03 / All) TreesHaveEyes: god you're good
(14:25 / All) TreesHaveEyes: how the fuck do you go 5-8 in 4v4 RT
(14:27 / All) TreesHaveEyes: while trying ?
(14:30 / All) n3w_n4me: youll find me at top
(14:31 / All) n3w_n4me: lol
(14:32 / All) n3w_n4me: I bs
(14:34 / All) n3w_n4me: shit happens
(14:36 / All) n3w_n4me: your a tool
(14:37 / All) TreesHaveEyes: sure
(14:42 / All) TreesHaveEyes: What about my tool?
(14:42 / All) n3w_n4me: find me at yellow noob
(14:43 / Allies) arkano314: aa
(14:56 / All) Ranl)om: must have dryads
(14:58 / Allies) arkano314: nothing
(14:59 / Allies) arkano314: make
(15:00 / Allies) arkano314: aa
(15:02 / Allies) arkano314: noobs
(15:03 / Allies) CosmoCSpacely: what up with all the protectors yellow?
(15:03 / All) n3w_n4me: ill be high score youll be low
(15:05 / Allies) arkano314: give
(15:08 / Allies) arkano314: wood now
(15:09 / All) n3w_n4me: youll make some bs excuse
(15:14 / All) n3w_n4me: but u blow and your a tool
(16:12 / All) n3w_n4me: GG
(16:18 / All) TreesHaveEyes: score doesn't mean anything noob
(16:22 / All) n3w_n4me: lol
(16:28 / All) n3w_n4me: your a tool
(16:34 / Allies) arkano314: gg
(16:40 / All) n3w_n4me: killed 2 people
(16:42 / Allies) FriendlyGame4v4: not over yet
(16:42 / All) n3w_n4me: what have u done
(16:46 / Allies) arkano314: why
(16:47 / Allies) arkano314: no make
(16:49 / Allies) arkano314: aa
(16:50 / Allies) arkano314: why
(16:52 / Allies) arkano314: idiots
(16:53 / All) TreesHaveEyes: you're so good dude
(16:57 / Allies) arkano314: tell you
(17:00 / All) TreesHaveEyes: You're going to lsoe this game let me tell you
(17:18 / All) Ranl)om: wow yellow tower more
(17:40 / Allies) arkano314: use
(17:43 / Allies) arkano314: yellow
(18:19 / All) n3w_n4me: GG nub yellow
(18:29 / Allies) arkano314: need
(18:30 / Allies) arkano314: wood
(19:28 / All) TreesHaveEyes: hero focus me nub
(19:37 / All) n3w_n4me: later tool bag
(19:49 / All) FriendlyGame4v4: cyu
(19:52 / All) FriendlyGame4v4: leave
(22:51 / All) n3w_n4me: teal bs
(22:52 / All) n3w_n4me: GG
(22:54 / All) FriendlyGame4v4: gg
(22:55 / All) FriendlyGame4v4: gtfo
(22:57 / All) TreesHaveEyes: yeah we already knew he would lol
(22:58 / All) n3w_n4me: baby dick
(23:01 / All) TreesHaveEyes: you played in vain faggot
(23:47 / All) TreesHaveEyes: he was legit getting owned by faeries
(26:19 / All) PEYTON-TO-DENVR: 20k gold
(27:33 / All) TreesHaveEyes: I was only going to get trees and hero this game
(27:48 / Allies) arkano314: why
(27:49 / Allies) TreesHaveEyes: but orange is a faggot
(27:50 / All) PEYTON-TO-DENVR: funny how that works out
(27:52 / Allies) arkano314: yellow
(27:53 / All) PEYTON-TO-DENVR: orange was cocky
(28:02 / All) TreesHaveEyes: he's 5-8 and sucks
(28:06 / All) TreesHaveEyes: he thought he was doing good this game lol
(28:11 / All) TreesHaveEyes: because I was barely playing
(28:26 / All) TreesHaveEyes: "i took out two bases I gonna get high score asdfkljsdakf"
(28:31 / All) FriendlyGame4v4: Red expo bot right being built
(28:47 / All) PEYTON-TO-DENVR: i like urdnot, wrex's brother or w/e
(28:57 / All) FriendlyGame4v4: That's Urdnot Wreav you fool
(28:59 / All) TreesHaveEyes: they're both
(29:00 / All) PEYTON-TO-DENVR: the female krogan is ab itch
(29:00 / All) FriendlyGame4v4: urdnot is the family name
(29:23 / All) FriendlyGame4v4: Yes, cancel that faggot
(29:32 / Allies) arkano314: yea
(29:34 / Allies) arkano314: traitor
(29:37 / All) FriendlyGame4v4: Now leave red
(29:38 / Allies) arkano314: becose
(29:39 / Allies) arkano314: im
(29:40 / Allies) arkano314: have
(29:42 / Allies) arkano314: unit
(29:43 / All) FriendlyGame4v4: We will kill all of our stuff to make you lose
(29:43 / Allies) arkano314: im
(29:44 / All) FriendlyGame4v4: if we must
(29:46 / Allies) arkano314: win
(29:56 / All) FriendlyGame4v4: Shut the fuck up, you're intelligible
(30:23 / All) PEYTON-TO-DENVR: 21k gold here
(30:35 / All) FriendlyGame4v4: 12k. I only have 2 expos and low upkeep
(30:46 / All) PEYTON-TO-DENVR: i hope i get to make real choices in me3, nothing of significance yet, im curing the genophage but dont think it will matter
(31:50 / Allies) TreesHaveEyes: jsut leave idiot
(31:56 / All) FriendlyGame4v4: Get the fuck out
(31:58 / Allies) arkano314: im
(31:59 / Allies) arkano314: see
(32:01 / All) FriendlyGame4v4: get
(32:01 / All) FriendlyGame4v4: the
(32:02 / All) FriendlyGame4v4: fuck
(32:02 / All) TreesHaveEyes: Okay you lose then idiot
(32:03 / All) FriendlyGame4v4: out
(32:07 / All) TreesHaveEyes: Leave and you get a tie
(32:10 / All) TreesHaveEyes: stay and you get a loss
(32:15 / All) FriendlyGame4v4: Time to kill all of our stuff then to make you lose, fagdick
(32:20 / All) PEYTON-TO-DENVR: oh turncoat is yellow
(32:23 / All) PEYTON-TO-DENVR: didnt think that
(33:13 / All) PEYTON-TO-DENVR: ur gonna eventually make real choices in me3 right
(33:17 / All) PEYTON-TO-DENVR: i heard u can be really evil
(33:30 / All) TreesHaveEyes: nah
(33:35 / All) TreesHaveEyes: sabotaging genophage is not evil
(33:42 / All) FriendlyGame4v4: It's the good thing to do
(34:26 / All) TreesHaveEyes: Wreav even sends you an email about his plans for conquest
(34:52 / All) TreesHaveEyes: I was able to edit my save file
(34:58 / All) TreesHaveEyes: So Wrex is dead
(35:09 / All) TreesHaveEyes: I sabotaged the cure and convinced Mordin to allow it to fail
(35:14 / All) TreesHaveEyes: he's working on the crucible now
(38:35 / All) TreesHaveEyes: He was getting owned by attack move faery dragons and hippos
(38:39 / All) TreesHaveEyes: just focusing my kotg
(38:59 / Allies) TreesHaveEyes: You ready to lose red?
(39:02 / Allies) FriendlyGame4v4: Wait
(39:06 / All) PEYTON-TO-DENVR: i thought purple was better than he was
(39:19 / All) TreesHaveEyes: He barely saved his hero earlier
(39:21 / All) TreesHaveEyes: with a tp
(39:23 / All) FriendlyGame4v4: jesus fucking christ
(39:24 / Allies) arkano314: lucky
(39:26 / Allies) arkano314: is
(39:26 / All) TreesHaveEyes: he probably had like 2 hps
(39:27 / Allies) arkano314: all
(39:31 / Allies) arkano314: but
(39:33 / All) FriendlyGame4v4: >12476812761248145578912598 tps and invuls
(40:09 / All) TreesHaveEyes: lucky orb hit
(40:15 / All) TreesHaveEyes: slowed me down
(40:58 / All) FriendlyGame4v4: finally
(41:20 / Allies) FriendlyGame4v4: raped
(41:21 / All) PEYTON-TO-DENVR: u cant kill my 100 food of kodos
(41:28 / All) TreesHaveEyes: I didn't expect you to do it
(41:28 / All) FriendlyGame4v4: No
(41:31 / All) FriendlyGame4v4: But I can kill red
(41:33 / All) TreesHaveEyes: Since yo uwhine everytime we do it to you
(41:40 / All) FriendlyGame4v4: Payback, nigger
(41:40 / All) PEYTON-TO-DENVR: do what